 Dungeon Crawl Stone Soup version 0.28.0 (webtiles) character file.

Game seed: 7219505416316643609

4660 ragingrage the Cleaver (level 10, -3/135 (141) HPs)
             Began as a Minotaur Berserker on Feb 7, 2022.
             Was a Priest of Trog.
             Slain by a manticore (14 damage)
             ... on level 7 of the Dungeon.
             The game lasted 00:07:16 (6176 turns).

ragingrage the Cleaver (Minotaur Berserker)         Turns: 6176, Time: 00:07:16

HP:   -3/135 (141)  AC:  9    Str: 23 (26) XL:     10   Next: 20%
MP:   9/9           EV: 11    Int:  2 (4)  God:    Trog [***...]
Gold: 407           SH:  0    Dex:  7 (10) Spells: 9/9 levels left

rFire   . . .      SeeInvis .   A - +0 war axe
rCold   + . .      Faith    .   (no shield)
rNeg    + . .      Spirit   .   E - +3 ring mail {rC+}
rPois   .          Reflect  .   (helmet unavailable)
rElec   .          Harm     .   (no cloak)
rCorr   .          Rampage  .   (no gloves)
Will    .....                   a - +0 pair of boots
Stlth   ..........              q - amulet of regeneration
HPRegen 1.12/turn               v - ring of positive energy
MPRegen 0.11/turn               (no ring)

@: berserking, lightly drained, very quick
A: horns 3, retaliatory headbutt, mutation resistance 1
a: Renounce Religion, Berserk, Trog's Hand


You were on level 7 of the Dungeon.
You worshipped Trog.
Trog was most pleased with you.
You visited 1 branch of the dungeon, and saw 7 of its levels.
You also visited: Ossuary.

You collected 442 gold pieces.
You spent 35 gold pieces at shops.

Inventory:

Hand Weapons
 A - a +0 war axe (weapon)
Missiles
 D - a throwing net (quivered)
Armour
 a - a +0 pair of boots (worn)
 E - a +3 ring mail of cold resistance (worn)
Jewellery
 n - the ring "Pamahut" {Ice Dex+5}
   (You took it off a wight on level 7 of the Dungeon)

   [ring of ice]

   It enhances your ice magic.
   Dex:       It affects your dexterity (+5).
   rF:        It makes you vulnerable to fire.
   rC:        It protects you from cold.
 q - an amulet of regeneration (around neck)
 v - a ring of positive energy (left hand)
Wands
 d - a wand of flame (9)
 B - a wand of paralysis (4)
Scrolls
 b - a scroll of enchant armour {unknown}
 e - 3 scrolls of enchant weapon {unknown}
 f - a scroll of fog {unknown}
 g - 3 scrolls of immolation {unknown}
 h - 8 scrolls of identify {unknown}
 l - 2 scrolls of fear {unknown}
 o - 7 scrolls of teleportation {unknown}
 p - a scroll of torment {unknown}
 s - 2 scrolls of magic mapping
 u - 2 scrolls of amnesia {unknown}
 y - 3 scrolls of noise {unknown}
 C - a scroll of vulnerability {unknown}
Potions
 c - 4 potions of attraction
 i - a potion of degeneration
 j - a potion of berserk rage
 k - a potion of curing
 m - 2 potions of ambrosia
 r - a potion of haste
 t - a potion of mutation
 z - a potion of lignification


   Skills:
 + Level 10.9 Fighting
 * Level 14.5 Axes
 - Level 3.3 Armour
 - Level 3.0 Dodging


You had 9 spell levels left.
You didn't know any spells.
Your spell library was empty.

Dungeon Overview and Level Annotations

Branches:
Dungeon (7/15)             Temple (0/1) D:7         Ossuary (visited)

Altars:
Nemelex Xobeh
Uskayaw

Shops:
D:6 *


Innate Abilities, Weirdness & Mutations

You have a pair of large horns on your head.
You reflexively headbutt those who attack you in melee.
You are somewhat resistant to further mutation.


Message History

You carefully extract the barbed spikes from your body.
A manticore is nearby!
You hit the manticore but do no damage. The manticore closely misses you.
The manticore barely misses you. The manticore completely misses you.
You hit the manticore but do no damage. You barely miss the manticore.
The manticore bites you!! The manticore claws you!
The manticore barely misses you.
You hit the manticore but do no damage.
You headbutt the manticore, but do no damage.
The manticore bites you!
The manticore claws you but does no damage.
The manticore claws you.
You hit the manticore but do no damage. You headbutt the manticore!
The manticore is lightly wounded.
The manticore bites you!!
* * * LOW HITPOINT WARNING * * *
The manticore claws you.
* * * LOW HITPOINT WARNING * * *
The manticore claws you!
* * * LOW HITPOINT WARNING * * *
You slash the manticore!
The manticore is moderately wounded.
You feel much better. The manticore bites you!!
* * * LOW HITPOINT WARNING * * *
The manticore claws you but does no damage.
The manticore barely misses you.
Unknown command.
A red film seems to cover your vision as you go berserk!
You feel yourself moving faster!
You feel mighty! The manticore barely misses you. x3
You slash the manticore! You headbutt the manticore!
The manticore is almost dead.
The manticore bites you!
* * * LOW HITPOINT WARNING * * *
The manticore claws you but does no damage.
The manticore misses you.
You hit the manticore.
The manticore is almost dead.
The manticore bites you!
You die...

####............###.###...<....
#............#..#|.)).#..#.....
####.......#.#.####)####.......
#...........#(.....(#.......
#.......#..#####.#####......
#.......#..#..)......#......
##.....#..##.###.###.##.....
#.......##.## ### ##....
#......##.@# #..##
#......##H######## ##...
#.###..#.#'...H.○. #..#
#.###.##.##.###.## ##.#
#..#..#...##.#[..# #..
##.#.##.#.##.##.## ##.
#...#..#..# .#[#. #.
#..##.######.###. ##
#..#....#..# .#.# #


You could see a manticore.

Vanquished Creatures
  An ugly thing (D:7)
  A gargoyle (D:7)
  Joseph (D:7)
  Grinder (D:4)
  A vampire (D:7)
  A vampire mosquito (D:7)
  A water moccasin (D:6)
  A sky beast (D:7)
  2 orc warriors (D:7)
  A hornet zombie (Ossuary)
  3 ice beasts
  2 necrophages
  An ogre (D:4)
  A centaur (D:7)
  A scorpion (D:5)
  5 bullfrogs
  A wyvern skeleton (D:7)
  4 wyvern zombies
  A water moccasin zombie (Ossuary)
  A water moccasin skeleton (D:4)
  4 wights (D:7)
  3 bullfrog zombies
  4 centaur zombies (Ossuary)
  2 orc priests (D:5)
  2 centaur skeletons (D:7)
  2 jellies
  A gnoll shaman (D:7)
  2 iguanas
  2 orc wizards
  Natasha (thrice) (D:4)
  11 mummies (Ossuary)
  4 killer bee zombies (Ossuary)
  A hound skeleton (D:4)
  2 howler monkey zombies (Ossuary)
  4 gnolls (D:7)
  8 adders
  2 howler monkey skeletons
  A shadow imp (D:5)
  4 dart slugs
  19 orcs
  9 endoplasms
  3 giant cockroaches
  4 goblins
  8 hobgoblins
  3 jackals
  6 quokkas
  6 ball pythons
  7 bats
  3 frilled lizards
  7 kobolds
  5 rats
173 creatures vanquished.

Vanquished Creatures (others)
  An orc wizard (D:7)
  5 withered plants (Ossuary)
6 creatures vanquished.

Grand Total: 179 creatures vanquished

Notes
Turn   | Place    | Note
-------+----------+-------------------------------------------
     0 | D:1      | ragingrage the Minotaur Berserker began the quest for the
                  | Orb.
     0 | D:1      | Reached XP level 1. HP: 19/19 MP: 0/0
   170 | D:1      | Reached XP level 2. HP: 27/27 MP: 1/1
   343 | D:1      | Reached skill level 4 in Axes
   539 | D:1      | Reached XP level 3. HP: 31/33 MP: 2/2
   793 | D:2      | Found a faded altar of an unknown god.
  1155 | D:2      | Reached ** piety under Trog
  1764 | D:3      | Reached XP level 4. HP: 32/40 MP: 3/3
  2534 | D:4      | Reached skill level 5 in Axes
  2534 | D:4      | Reached XP level 5. HP: 45/47 MP: 4/4
  2548 | D:4      | Noticed Grinder
  2561 | D:4      | Killed Grinder
  2562 | D:4      | Reached skill level 5 in Fighting
  2562 | D:4      | Reached skill level 6 in Axes
  2562 | D:4      | Reached XP level 6. HP: 54/56 MP: 5/5
  2568 | D:4      | Found a hide-covered altar of Uskayaw.
  2693 | D:4      | Reached skill level 7 in Axes
  2798 | D:4      | Noticed Natasha
  2805 | D:4      | Killed Natasha
  2818 | D:4      | Noticed Natasha
  2825 | D:4      | Killed Natasha
  2863 | D:4      | Found a sparkling altar of Nemelex Xobeh.
  2866 | D:4      | Noticed Natasha
  2869 | D:4      | Killed Natasha
  2908 | D:4      | Reached XP level 7. HP: 62/63 MP: 6/6
  3075 | D:5      | Entered Level 5 of the Dungeon
  3107 | D:5      | You fall into a shaft and drop 2 floors!
  3132 | D:7      | Reached skill level 8 in Axes
  3135 | D:7      | Noticed Joseph
  3154 | D:7      | Killed Joseph
  3155 | D:7      | Reached skill level 9 in Axes
  3288 | D:6      | Found a sand-covered staircase.
  3413 | Ossuary  | Entered an ossuary
  3430 | Ossuary  | Reached XP level 8. HP: 60/73 MP: 7/7
  3558 | Ossuary  | Reached skill level 10 in Axes
  3811 | Ossuary  | Reached *** piety under Trog
  3849 | Ossuary  | Reached skill level 11 in Axes
  4253 | D:6      | Reached XP level 9. HP: 82/82 MP: 8/8
  4283 | D:6      | Found Eskomud's General Store.
  4295 | D:6      | Bought a scroll of magic mapping for 35 gold pieces
  4677 | D:5      | Reached skill level 12 in Axes
  5341 | D:7      | Found a staircase to the Ecumenical Temple.
  5534 | D:7      | Reached skill level 13 in Axes
  5650 | D:7      | Reached skill level 10 in Fighting
  5717 | D:7      | Noticed a gargoyle
  5724 | D:7      | Killed a gargoyle
  5765 | D:7      | Noticed a cyan ugly thing
  5776 | D:7      | Killed a cyan ugly thing
  5777 | D:7      | Reached skill level 14 in Axes
  5777 | D:7      | Reached XP level 10. HP: 15/94 MP: 9/9
  5785 | D:7      | HP: 3/94 [vampire mosquito (6)]
  5789 | D:7      | Gained mutation: You sometimes lose the ability to read
                  | scrolls when taking damage. [potion of mutation]
  5789 | D:7      | Gained mutation: Your mind is acute. (Int +2) [potion of
                  | mutation]
  5872 | D:7      | Identified the ring "Pamahut" {Ice Dex+5}
  5907 | D:7      | Lost mutation: Your mind is acute. (Int +2) [potion of
                  | mutation]
  5907 | D:7      | Lost mutation: You sometimes lose the ability to read
                  | scrolls when taking damage. [potion of mutation]
  5907 | D:7      | Gained mutation: You have a pair of large horns on your
                  | head. [potion of mutation]
  5907 | D:7      | Gained mutation: You are somewhat resistant to further
                  | mutation. [potion of mutation]
  6159 | D:7      | Noticed a manticore
  6160 | D:7      | Noticed a boulder beetle
  6176 | D:7      | Slain by a manticore

Illustrated notes

Levels and vault maps discovered:
D:1:      dpeg_arrival_more_subterranean_lakeside_camping, layout_basic,
          minmay_octomino_e4
D:2:      layout_loops_ring, shapermc_ecumenical_altar_starsandcircs,
          wad_floor_pattern_2, feat_on_display
D:3:      layout_rooms
D:4:      layout_basic, mainiacjoe_overflow_small_starburst,
          nemelex_dance_club_becter, uniq_grinder, uniq_natasha
D:5:      layout_loops_cross
D:6:      layout_loops_ring, serial_shops, nicolae_shop_hallway_plus,
          nicolae_ossuary_entry_monument, minmay_microvault
D:7:      minmay_the_grid_triangle_9x9_recursive_2
          [minmay_the_grid_triangle_9x9_prize_top_heavy,
          minmay_the_grid_triangle_9x9_corrupted_corridor,
          minmay_the_grid_triangle_9x9_steps,
          minmay_the_grid_triangle_9x9_skeleton], layout_basic,
          minmay_temple_entry_trees, uniq_joseph

Skill      XL: |  1  2  3  4  5  6  7  8  9 |
---------------+----------------------------+-----
Axes           | 4 5 6 7 9 11 14 | 14.5
Fighting       | 4 5 6 7 8 10 | 10.9
Armour         | 3 |  3.3
Dodging        | 3 |  3.0

Action                   |  1- 3 |  4- 6 |  7- 9 | 10-12 || total
-------------------------+-------+-------+-------+-------++-------
Melee: Hand axe          |    80 |    91 |   172 |       ||   343
       Headbutt          |     9 |    10 |    53 |     8 ||    80
       Punch             |       |     1 |     4 |       ||     5
       War axe           |       |       |   131 |    34 ||   165
Invok: Berserk           |     1 |     3 |    10 |     2 ||    16
       Trog's Hand       |       |     1 |       |       ||     1
  Use: Potion            |       |       |       |    11 ||    11
 Stab: Distracted        |       |       |     1 |       ||     1
Armor: Robe              |    14 |    14 |     5 |       ||    33
       Animal skin       |     1 |       |       |       ||     1
       Leather armour    |       |       |    51 |    10 ||    61
       Skin              |       |       |       |     9 ||     9
       Ring mail         |       |       |       |     5 ||     5
Dodge: Dodged            |    52 |    62 |   143 |    28 ||   285
